Map: Ruins of Endion

Players

Dext

  • Race: Terran Terran
  • League: Master

Miszu - Winner!

  • Race: Terran Terran
  • League: Master

VOD

Have the link to the VOD?

Description

Time

  • Played on: May 2, 2016, 10:46 a.m.
  • Length: 5:55
Show
View Real Time Build Order
Export as new Build Order

Dext Terran 

Build Orders: Liberator Opening 

Get SALT Encoding   

  12  0:01  SCV  
  13  0:13  SCV  
  14  0:17  Supply Depot  
  14  0:26  SCV  
  15  0:35  Refinery  
  15  0:39  SCV  
  16  0:44  Barracks  
  16  0:51  SCV  
  17  1:03  Barracks  
  17  1:06  SCV  
  18  1:16  Refinery  
  19  1:18  SCV  
  20  1:33  Reaper  
  20  1:37  Orbital Command  
  20  1:52  Factory  
  20  1:57  Reaper  
  21  2:03  Supply Depot  
  21  2:08  SCV  
  22  2:13  Reaper  
  23  2:25  SCV  
  23  2:29  Reaper  
  24  2:36  Supply Depot  
  24  2:37  SCV  
  25  2:46  Hellion  
  25  2:47  Starport  
  25  2:50  Reaper  
  27  2:54  SCV  
  28  3:01  Reaper  
  28  3:08  Hellion  
  30  3:14  SCV  
  31  3:22  Reaper  
  31  3:23  Liberator  
  31  3:29  Hellion  
  31  3:33  Reaper  
  33  3:41  SCV  
  33  3:45  Supply Depot  
  34  3:51  Hellion  
  34  3:53  SCV  
  34  3:54  Reaper  
  38  4:05  SCV  
  38  4:13  Reaper  
  38  4:17  SCV  
  37  4:27  Viking  
  37  4:31  SCV  
  40  4:50  Marine x2  
  42  4:57  SCV  
  42  4:59  Command Center  
  43  5:07  Marine  
  43  5:08  Marine  
  43  5:12  SCV  
  40  5:15  Factory Tech Lab  
  35  5:23  Viking  
  35  5:25  Marine x2  
  35  5:26  SCV  
  30  5:38  SCV  
Show
View Real Time Build Order
Export as new Build Order

Miszu Terran - Winner!

Build Orders: 1/1/1, Banshee Rush 

Get SALT Encoding   

  12  0:01  SCV  
  13  0:13  SCV  
  14  0:17  Supply Depot  
  14  0:25  SCV  
  15  0:29  Refinery  
  15  0:39  SCV  
  16  0:45  Barracks  
  16  0:53  Refinery  
  16  0:55  SCV  
  17  1:08  SCV  
  18  1:20  SCV  
  19  1:32  Orbital Command  
  19  1:34  Factory  
  19  1:37  Reaper  
  20  1:56  Supply Depot  
  20  1:57  SCV  
  21  2:09  Reaper  
  21  2:10  SCV  
  23  2:19  Starport  
  23  2:20  Hellion  
  26  2:22  SCV  
  26  2:33  Supply Depot  
  26  2:34  SCV  
  27  2:41  Reaper  
  28  2:49  SCV  
  28  2:51  Hellion  
  31  3:01  SCV  
  32  3:13  Hellion, Medivac, SCV  
  32  3:17  Supply Depot  
  37  3:20  Barracks Tech Lab  
  37  3:25  SCV  
  37  3:39  SCV  
  35  3:48  Factory Tech Lab  
  35  3:51  Command Center, SCV  
  35  3:53  Banshee  
  35  3:54  Cloaking Field  
  39  3:57  Barracks Reactor  
  39  4:03  SCV  
  40  4:13  Siege Tank  
  43  4:25  SCV  
  44  4:35  Viking, Marine, Barracks  
  44  4:36  Barracks  
  47  4:46  Marine  
  47  4:53  SCV  
  44  5:05  SCV  
  43  5:17  SCV  
  44  5:21  Marine x2  
  44  5:29  SCV  
  44  5:33  Marine  
  44  5:34  Marine  
Tags
 
Add a new tag
Caveats
  • Supply blocks, unpowered buildings, or Contaminate may cause inaccurate times.
  • Supply counts are checked every 10 seconds.